Punishers vs Sasquatch (R1)

Created - October 20, 2018 at 23:54

Goals
1 2 3 T
Punishers 2 0 2 4
Sasquatch 0 0 2 2
Shots
1 2 3 T
Punishers 16 4 13 33
Sasquatch 10 12 8 30

1st period

1. Punishers , Miikka Salomaki 3 (David Rundblad 4, Zack Hamill 6) at 6:43
2. Punishers , Zack Hamill 7 (David Rundblad 5) at 12:35

Penalties :
No Penalty

2nd period

No Goal

Penalties :
Damon Severson (Pro) for Holding (Minor) at 7:15, David Rundblad (Pro) for High sticking (Minor) at 11:56

3rd period

3. Punishers , Mattias Tedenby 5 (David Rundblad 6, Stefan Elliott 3) at 4:34 (PP)
4. Sasquatch , Teemu Hartikainen 2 (Sergey Kalinin 1, Dougie Hamilton 2) at 7:46 (SH)
5. Sasquatch , Sergey Kalinin 1 (Brock Trotter 2) at 10:23
6. Punishers , Mattias Tedenby 6 (Zack Hamill 7, Robbie Earl 5) at 17:42

Penalties :
Sergey Kalinin (Gat) for Hooking (Minor) at 3:35, Martin Marincin (Gat) for Roughing (Minor) at 5:53, Matt Halischuk (Gat) for Cross-checking (Minor) at 10:55

Goalie Stats

Louis Domingue (Pro), 28 saves from 30 shots - (0.933), W, 1-0-0, 60:00 minutes
Joonas Korpisalo (Gat), 29 saves from 33 shots - (0.879), L, 0-1-0, 60:00 minutes

Players Stats for Punishers

Player Name              G  A  P  +/- PIM S  H  SB GA TA FO     MP     PP MP  PK MP  
------------------------------------------------------------------------------------
Adam Pelech              0  0  0   0  0   0  3  1  0  0  0/0    17:54   1:18   1:29 
Carter Ashton            0  0  0   0  0   1  0  0  0  1  0/0     8:36   0:00   0:00 
Colton Gillies           0  0  0   1  0   3  5  0  0  0  0/0    13:48   2:03   0:00 
Damon Severson           0  0  0   0  2   3  1  1  0  0  0/0    17:31   1:18   0:49 
David Laliberté          0  0  0  -1  0   1  0  0  1  0  0/1    17:48   2:54   1:00 
David Rundblad           0  3  3   1  2   2  2  1  1  1  0/0    23:36   3:39   1:04 
Dylan DeMelo             0  0  0   0  0   1  0  0  0  0  0/0     5:26   0:00   0:00 
Garret Ross              0  0  0   0  0   1  1  1  0  0  1/1     9:27   0:00   0:48 
Jordan Schmaltz          0  0  0   0  0   0  0  3  0  0  0/0    11:04   0:00   0:00 
Madison Bowey            0  0  0   0  0   0  0  2  0  0  0/0    13:25   0:00   1:44 
Mark Jankowski           0  0  0   1  0   1  1  0  0  1  5/7    12:36   0:00   0:48 
Mattias Tedenby          2  0  2   1  0   4  0  0  0  1  1/1    20:05   2:03   1:00 
Miikka Salomaki          1  0  1   1  0   1  1  0  0  0  0/0    11:45   0:00   0:00 
Oscar Sundqvist          0  0  0   0  0   4  2  1  0  1  2/3    14:46   2:03   0:00 
Patrick Wiercioch        0  0  0   0  0   0  0  1  0  0  0/0     6:36   0:00   0:36 
Radek Faksa              0  0  0   0  0   0  0  2  1  0  1/4     8:36   0:00   0:00 
Robbie Earl              0  1  1   0  0   3  2  0  0  0  2/3    22:47   2:54   2:10 
Stefan Elliott           0  1  1   1  0   2  0  1  0  0  0/0    24:44   3:39   2:14 
Tyler Bertuzzi           0  0  0   0  0   0  1  0  0  0  0/0    12:43   0:00   0:00 
Zack Hamill              1  2  3   0  0   6  2  0  0  0  15/31  22:47   2:54   2:10 

Players Stats for Sasquatch

Player Name              G  A  P  +/- PIM S  H  SB GA TA FO     MP     PP MP  PK MP  
------------------------------------------------------------------------------------
Andrew Campbell          0  0  0   0  0   0  0  0  0  0  0/0    14:57   0:00   0:29 
Brock Trotter            0  1  1  -1  0   5  1  0  0  1  0/0    13:13   2:05   0:42 
Devin Shore              0  0  0   0  0   2  2  1  0  0  0/1     8:55   0:00   0:54 
Dougie Hamilton          0  1  1  -1  0   2  0  2  2  0  0/0    27:58   2:47   3:32 
Drew Shore               0  0  0  -1  0   4  2  0  1  0  12/28  24:22   1:41   3:12 
Jeff Skinner             0  0  0  -1  0   0  0  0  0  1  0/0    20:12   1:41   0:00 
Jesper Fast              0  0  0  -1  0   2  1  1  1  1  0/0    20:05   1:46   0:00 
Martin Marincin          0  0  0   0  2   0  0  0  0  0  0/0    17:54   1:11   0:56 
Matt Halischuk           0  0  0   0  2   0  1  2  0  0  0/1    15:14   1:53   0:00 
Melker Karlsson          0  0  0   0  0   1  0  0  0  0  9/13   15:07   2:05   0:00 
Michael Stone            0  0  0   0  0   1  1  1  0  0  0/0    13:38   0:00   0:00 
Nicolas Deslauriers      0  0  0   0  0   2  0  0  1  0  0/1    11:48   0:00   3:11 
Patrick Wey              0  0  0  -1  0   2  2  0  0  0  0/0    27:58   2:47   3:32 
Petr Straka              0  0  0  -1  0   2  0  0  0  0  0/0    10:41   0:00   0:00 
Sergey Kalinin           1  1  2   0  2   2  0  0  0  0  3/6    12:24   0:43   0:55 
Slava Voynov             0  0  0   0  0   0  3  0  0  0  0/0    18:24   1:11   1:25 
Sven Andrighetto         0  0  0   0  0   1  0  0  0  0  0/0     7:47   0:00   0:00 
Teemu Hartikainen        1  0  1   1  0   4  1  2  0  0  0/1    14:23   0:00   1:00 

3 Stars

1 - Mattias Tedenby (Pro)
2 - Zack Hamill (Pro)
3 - David Rundblad (Pro)

Power Play

Punishers - 1 on 3 Attempt(s) - 33.33%
Sasquatch - 0 on 2 Attempt(s) - 0.00%

Penalty Kill

Punishers - 2 on 2 Attempt(s) - 100.00% - Score 0 goal in Penalty Kill
Sasquatch - 2 on 3 Attempt(s) - 66.67% - Score 1 goal in Penalty Kill

Team Stat

Punishers - Hits : 21 - Faceoff Wins : 27 - Blocked Shots : 14 - Penalty Minutes : 4
Sasquatch - Hits : 14 - Faceoff Wins : 24 - Blocked Shots : 9 - Penalty Minutes : 6

Official

Referees : Unknown
Linesman : Unknown

Game Notes

No Game Note

Finance

Level 1 -- Attendance: 1438 (71.90%) -- Ticket Income $57,520
Level 2 -- Attendance: 716 (71.60%) -- Ticket Income $14,320
Total Attendance: 2154 (71.80%)
Total Ticket Income: $71,840
Other Income: $3,592
Total Income: $75,432

Punishers

5 vs 5 Forward 
   Center                   Left Wing                Right Wing               Time % Phy DF OF 
 1 Zack Hamill              Robbie Earl              Mattias Tedenby          40     1   2  2  
 2 Oscar Sundqvist          Tyler Bertuzzi           David Laliberté          30     1   2  2  
 3 Mark Jankowski           Colton Gillies           Miikka Salomaki          20     1   2  2  
 4 Radek Faksa              Garret Ross              Carter Ashton            10     1   2  2  

5 vs 5 Defense 
   Defense                  Defense                                           Time % Phy DF OF 
 1 David Rundblad           Stefan Elliott                                    40     1   2  2  
 2 Adam Pelech              Damon Severson                                    30     1   2  2  
 3 Jordan Schmaltz          Madison Bowey                                     20     1   2  2  
 4 Patrick Wiercioch        Dylan DeMelo                                      10     1   2  2  

PowerPlay Forward 
   Center                   Left Wing                Right Wing               Time % Phy DF OF 
 1 Zack Hamill              Robbie Earl              David Laliberté          60     1   2  2  
 2 Oscar Sundqvist          Colton Gillies           Mattias Tedenby          40     1   2  2  

PowerPlay Defense
   Defense                  Defense                                           Time % Phy DF OF 
 1 David Rundblad           Stefan Elliott                                    60     1   2  2  
 2 Adam Pelech              Damon Severson                                    40     1   2  2  

Penalty Kill 4 Players Forward 
   Center                   Wing                     Time % Phy DF OF 
 1 Robbie Earl              Zack Hamill              60     1   2  2  
 2 David Laliberté          Mattias Tedenby          40     1   2  2  

Penalty Kill 4 Players Defense
   Defense                  Defense                  Time % Phy DF OF 
 1 David Rundblad           Stefan Elliott           60     1   2  2  
 2 Adam Pelech              Damon Severson           40     1   2  2  

Penalty Kill - 3 Players Forward 
   Forward                                           Time % Phy DF OF 
 1 Robbie Earl                                       60     1   2  2  
 2 Zack Hamill                                       40     1   2  2  

Penalty Kill - 3 Players Defense
   Defense                  Defense                  Time % Phy DF OF 
 1 David Rundblad           Stefan Elliott           60     1   2  2  
 2 Adam Pelech              Damon Severson           40     1   2  2  

4 vs 4 Forward 
   Center                   Wing                     Time % Phy DF OF 
 1 Robbie Earl              Zack Hamill              60     1   2  2  
 2 David Laliberté          Mattias Tedenby          40     1   2  2  

4 vs 4 Defense
   Defense                  Defense                  Time % Phy DF OF 
 1 David Rundblad           Stefan Elliott           60     1   2  2  
 2 Adam Pelech              Damon Severson           40     1   2  2  

Last Minutes Offensive
   Center                   Left Wing                Right Wing               Defense                  Defense                  
   Zack Hamill              Robbie Earl              David Laliberté          David Rundblad           Stefan Elliott           

Last Minutes Defensive
   Center                   Left Wing                Right Wing               Defense                  Defense                  
   Zack Hamill              Robbie Earl              David Laliberté          David Rundblad           Stefan Elliott           

Goaltenders
Starting : Louis Domingue           
Backup : Kristers Gudlevskis      

Extra Forwards
Normal : Miikka Salomaki, Garret Ross, Mark Jankowski - PP : Miikka Salomaki, Garret Ross - PK : Mark Jankowski
Extra Defensemen
Normal : Jordan Schmaltz, Madison Bowey, Patrick Wiercioch - PP : Jordan Schmaltz - PK : Madison Bowey, Patrick Wiercioch
Penalty Shots
Robbie Earl, Zack Hamill, David Laliberté, Mattias Tedenby, Colton Gillies

Scratches
Michael Joly (Healthy), Dan Bertram (Healthy), Trevor Van Riemsdyk (Healthy), Erik Nystrom (Healthy), Daniel Altshuller (Healthy)

Sasquatch

5 vs 5 Forward 
   Center                   Left Wing                Right Wing               Time % Phy DF OF 
 1 Drew Shore               Jeff Skinner             Jesper Fast              40     1   2  2  
 2 Melker Karlsson          Teemu Hartikainen        Matt Halischuk           30     1   2  2  
 3 Sergey Kalinin           Brock Trotter            Petr Straka              20     1   2  2  
 4 Devin Shore              Nicolas Deslauriers      Sven Andrighetto         10     1   2  2  

5 vs 5 Defense 
   Defense                  Defense                                           Time % Phy DF OF 
 1 Patrick Wey              Dougie Hamilton                                   40     1   2  2  
 2 Martin Marincin          Slava Voynov                                      30     1   2  2  
 3 Michael Stone            Andrew Campbell                                   20     1   2  2  
 4 Patrick Wey              Dougie Hamilton                                   10     1   2  2  

PowerPlay Forward 
   Center                   Left Wing                Right Wing               Time % Phy DF OF 
 1 Drew Shore               Jeff Skinner             Matt Halischuk           60     1   2  2  
 2 Melker Karlsson          Brock Trotter            Jesper Fast              40     1   2  2  

PowerPlay Defense
   Defense                  Defense                                           Time % Phy DF OF 
 1 Patrick Wey              Dougie Hamilton                                   60     1   2  2  
 2 Martin Marincin          Slava Voynov                                      40     1   2  2  

Penalty Kill 4 Players Forward 
   Center                   Wing                     Time % Phy DF OF 
 1 Drew Shore               Nicolas Deslauriers      60     1   2  2  
 2 Sergey Kalinin           Teemu Hartikainen        40     1   2  2  

Penalty Kill 4 Players Defense
   Defense                  Defense                  Time % Phy DF OF 
 1 Patrick Wey              Dougie Hamilton          60     1   2  2  
 2 Martin Marincin          Slava Voynov             40     1   2  2  

Penalty Kill - 3 Players Forward 
   Forward                                           Time % Phy DF OF 
 1 Sergey Kalinin                                    60     1   2  2  
 2 Drew Shore                                        40     1   2  2  

Penalty Kill - 3 Players Defense
   Defense                  Defense                  Time % Phy DF OF 
 1 Patrick Wey              Dougie Hamilton          60     1   2  2  
 2 Martin Marincin          Slava Voynov             40     1   2  2  

4 vs 4 Forward 
   Center                   Wing                     Time % Phy DF OF 
 1 Jeff Skinner             Drew Shore               60     1   2  2  
 2 Matt Halischuk           Brock Trotter            40     1   2  2  

4 vs 4 Defense
   Defense                  Defense                  Time % Phy DF OF 
 1 Patrick Wey              Dougie Hamilton          60     1   2  2  
 2 Martin Marincin          Slava Voynov             40     1   2  2  

Last Minutes Offensive
   Center                   Left Wing                Right Wing               Defense                  Defense                  
   Drew Shore               Jeff Skinner             Jesper Fast              Patrick Wey              Dougie Hamilton          

Last Minutes Defensive
   Center                   Left Wing                Right Wing               Defense                  Defense                  
   Drew Shore               Jeff Skinner             Jesper Fast              Patrick Wey              Dougie Hamilton          

Goaltenders
Starting : Joonas Korpisalo         
Backup : Corey Crawford           

Extra Forwards
Normal : Sergey Kalinin, Teemu Hartikainen, Devin Shore - PP : Sergey Kalinin, Teemu Hartikainen - PK : Devin Shore
Extra Defensemen
Normal : Michael Stone, Andrew Campbell, Martin Marincin - PP : Michael Stone - PK : Andrew Campbell, Martin Marincin
Penalty Shots
Jeff Skinner, Melker Karlsson, Devin Shore, Petr Straka, Matt Halischuk

Scratches
Ryan Dzingel (Healthy), T.J. Tynan (Healthy), Ty Rattie (Healthy), Brett Pesce (Healthy), Joey Laleggia (Healthy)
Cal Petersen (Healthy)

% Time on Ice - Punishers

Lines # - Real PCT - Wanted PCT - Time Play
Normal Forward
1 - 35% - 40% - 17:46
2 - 25% - 30% - 12:58
3 - 23% - 20% - 11:45
4 - 17% - 10% - 8:36
Normal Defense
1 - 38% - 40% - 19:28
2 - 30% - 30% - 15:07
3 - 22% - 20% - 11:04
4 - 11% - 10% - 5:26
PP Forward
1 - 59% - 60% - 2:54
2 - 41% - 40% - 2:03
PP Defense
1 - 74% - 60% - 3:39
2 - 26% - 40% - 1:18
PK Forward
1 - 75% - 60% - 2:58
2 - 25% - 40% - 1:00
PK Defense
1 - 63% - 60% - 2:29
2 - 37% - 40% - 1:29
PK3 Forward
1 - 0% - 60%
2 - 0% - 40%
PK3 Defense
1 - 0% - 60%
2 - 0% - 40%
44 Forward
1 - 0% - 60%
2 - 0% - 40%
44 Defense
1 - 0% - 60%
2 - 0% - 40%
Last Minute Offensive  - 0:00
Last Minute Defensive  - 0:00
Total
Forward - 60:00
Defense - 60:00

% Time on Ice - Sasquatch

Lines # - Real PCT - Wanted PCT - Time Play
Normal Forward
1 - 38% - 40% - 19:35
2 - 26% - 30% - 13:02
3 - 21% - 20% - 10:41
4 - 15% - 10% - 7:47
Normal Defense
1 - 38% - 40% - 19:32
2 - 31% - 30% - 15:48
3 - 27% - 20% - 13:38
4 - 4% - 10% - 2:07
PP Forward
1 - 47% - 60% - 1:53
2 - 53% - 40% - 2:05
PP Defense
1 - 70% - 60% - 2:47
2 - 30% - 40% - 1:11
PK Forward
1 - 80% - 60% - 3:57
2 - 20% - 40% - 1:00
PK Defense
1 - 71% - 60% - 3:32
2 - 29% - 40% - 1:25
PK3 Forward
1 - 0% - 60%
2 - 0% - 40%
PK3 Defense
1 - 0% - 60%
2 - 0% - 40%
44 Forward
1 - 0% - 60%
2 - 0% - 40%
44 Defense
1 - 0% - 60%
2 - 0% - 40%
Last Minute Offensive  - 0:00
Last Minute Defensive  - 0:00
Total
Forward - 60:00
Defense - 60:00

Play by Play

1st period


0:01 of 1st period - Drew Shore wins face-off versus Zack Hamill in neutral zone.
0:12 of 1st period - Snap shot by Jesper Fast.
0:12 of 1st period - Stopped by Louis Domingue with a rebound.
0:55 of 1st period - Martin Marincin is hit by Colton Gillies and loses puck.
1:50 of 1st period - Melker Karlsson is hit by Oscar Sundqvist.
2:11 of 1st period - Off-side.
2:12 of 1st period - Mark Jankowski wins face-off versus Sergey Kalinin in neutral zone.
2:15 of 1st period - Wrist shot by Miikka Salomaki.
2:15 of 1st period - Shot Misses the Net.
2:39 of 1st period - Jordan Schmaltz is hit by Drew Shore and loses puck.
3:07 of 1st period - Teemu Hartikainen is hit by Tyler Bertuzzi and loses puck.
3:24 of 1st period - Wrist shot by Radek Faksa.
3:24 of 1st period - Shot Misses the Net.
3:26 of 1st period - Slapshot by Dylan DeMelo.
3:26 of 1st period - Stopped by Joonas Korpisalo with a rebound.
3:28 of 1st period - Snap shot by Carter Ashton.
3:28 of 1st period - Stopped by Joonas Korpisalo without a rebound.
3:29 of 1st period - Zack Hamill wins face-off versus Drew Shore in Sasquatch zone.
3:42 of 1st period - Snap shot by Jeff Skinner.
3:42 of 1st period - Deflect By Drew Shore.
3:42 of 1st period - Shot Blocked by Damon Severson.
3:42 of 1st period - Puck is out of play.
3:43 of 1st period - Zack Hamill wins face-off versus Melker Karlsson in Punishers zone.
4:00 of 1st period - Snap shot by Robbie Earl.
4:00 of 1st period - Stopped by Joonas Korpisalo without a rebound.
4:01 of 1st period - Oscar Sundqvist wins face-off versus Drew Shore in Sasquatch zone.
4:27 of 1st period - Dougie Hamilton is hit by Miikka Salomaki and loses puck.
5:05 of 1st period - Jeff Skinner is hit by Adam Pelech and loses puck.
5:13 of 1st period - Icing by Dougie Hamilton.
5:14 of 1st period - Garret Ross wins face-off versus Teemu Hartikainen in Sasquatch zone.
5:23 of 1st period - Slapshot by Melker Karlsson.
5:23 of 1st period - Shot Blocked by Jordan Schmaltz.
6:06 of 1st period - Slapshot by Robbie Earl.
6:06 of 1st period - Deflect By Mattias Tedenby.
6:06 of 1st period - Stopped by Joonas Korpisalo without a rebound.
6:07 of 1st period - Melker Karlsson wins face-off versus Zack Hamill in Sasquatch zone.
6:07 of 1st period - Melker Karlsson is hit by Robbie Earl.
6:43 of 1st period - Wrist shot by Miikka Salomaki.
6:43 of 1st period - Goal by Miikka Salomaki - Punishers : 1 - Sasquatch : 0.
6:44 of 1st period - Drew Shore wins face-off versus Oscar Sundqvist in neutral zone.
7:10 of 1st period - Mattias Tedenby is hit by Teemu Hartikainen and loses puck.
7:39 of 1st period - Slapshot by David Rundblad.
7:39 of 1st period - Shot Misses the Net.
7:41 of 1st period - Snap shot by Colton Gillies.
7:41 of 1st period - Shot Misses the Net.
7:59 of 1st period - Snap shot by Oscar Sundqvist.
7:59 of 1st period - Stopped by Joonas Korpisalo without a rebound.
8:00 of 1st period - Drew Shore wins face-off versus Zack Hamill in Sasquatch zone.
8:45 of 1st period - Off-side.
8:46 of 1st period - Radek Faksa wins face-off versus Devin Shore in neutral zone.
8:49 of 1st period - Wrist shot by Damon Severson.
8:49 of 1st period - Stopped by Joonas Korpisalo with a rebound.
8:57 of 1st period - Slapshot by Patrick Wey.
8:57 of 1st period - Stopped by Louis Domingue with a rebound.
8:59 of 1st period - Slapshot by Patrick Wey.
8:59 of 1st period - Deflect By Sven Andrighetto.
8:59 of 1st period - Shot Misses the Net.
8:59 of 1st period - Puck is out of play.
9:00 of 1st period - Drew Shore wins face-off versus Zack Hamill in Punishers zone.
9:15 of 1st period - Snap shot by Robbie Earl.
9:15 of 1st period - Stopped by Joonas Korpisalo with a rebound.
9:17 of 1st period - Wrist shot by Robbie Earl.
9:17 of 1st period - Stopped by Joonas Korpisalo without a rebound.
9:18 of 1st period - Oscar Sundqvist wins face-off versus Melker Karlsson in Sasquatch zone.
9:23 of 1st period - Backhand shot by Oscar Sundqvist.
9:23 of 1st period - Stopped by Joonas Korpisalo with a rebound.
9:33 of 1st period - Patrick Wey is hit by Oscar Sundqvist and loses puck.
10:50 of 1st period - Wrist shot by David Laliberté.
10:50 of 1st period - Shot Misses the Net.
10:52 of 1st period - Wrist shot by Oscar Sundqvist.
10:52 of 1st period - Stopped by Joonas Korpisalo with a rebound.
10:54 of 1st period - Snap shot by Adam Pelech.
10:54 of 1st period - Shot Misses the Net.
10:56 of 1st period - Slapshot by Tyler Bertuzzi.
10:56 of 1st period - Shot Blocked by Matt Halischuk.
11:14 of 1st period - Wrist shot by Drew Shore.
11:14 of 1st period - Shot Misses the Net.
11:16 of 1st period - Wrist shot by Jesper Fast.
11:16 of 1st period - Deflect By Drew Shore.
11:16 of 1st period - Stopped by Louis Domingue with a rebound.
11:59 of 1st period - Snap shot by Nicolas Deslauriers.
11:59 of 1st period - Stopped by Louis Domingue with a rebound.
12:21 of 1st period - Wrist shot by Oscar Sundqvist.
12:21 of 1st period - Shot Blocked by Teemu Hartikainen.
12:23 of 1st period - Slapshot by David Laliberté.
12:23 of 1st period - Deflect By Oscar Sundqvist.
12:23 of 1st period - Stopped by Joonas Korpisalo with a rebound.
12:35 of 1st period - Snap shot by Zack Hamill.
12:35 of 1st period - Goal by Zack Hamill - Punishers : 2 - Sasquatch : 0.
12:36 of 1st period - Zack Hamill wins face-off versus Drew Shore in neutral zone.
13:30 of 1st period - Slapshot by Petr Straka.
13:30 of 1st period - Stopped by Louis Domingue without a rebound.
13:31 of 1st period - Drew Shore wins face-off versus Radek Faksa in Punishers zone.
13:32 of 1st period - Slapshot by Jesper Fast.
13:32 of 1st period - Shot Blocked by Garret Ross.
13:46 of 1st period - Radek Faksa is hit by Slava Voynov and loses puck.
14:21 of 1st period - Snap shot by Matt Halischuk.
14:21 of 1st period - Shot Misses the Net.
15:05 of 1st period - Wrist shot by Jesper Fast.
15:05 of 1st period - Shot Misses the Net.
15:07 of 1st period - Wrist shot by Drew Shore.
15:07 of 1st period - Stopped by Louis Domingue with a rebound.
15:25 of 1st period - Matt Halischuk is hit by Adam Pelech and loses puck.
15:30 of 1st period - Snap shot by Robbie Earl.
15:30 of 1st period - Shot Blocked by Michael Stone.
15:32 of 1st period - Snap shot by Zack Hamill.
15:32 of 1st period - Stopped by Joonas Korpisalo with a rebound.
15:44 of 1st period - Slapshot by Stefan Elliott.
15:44 of 1st period - Stopped by Joonas Korpisalo with a rebound.
15:56 of 1st period - Slapshot by Melker Karlsson.
15:56 of 1st period - Shot Misses the Net.
16:00 of 1st period - Wrist shot by Teemu Hartikainen.
16:00 of 1st period - Stopped by Louis Domingue with a rebound.
16:04 of 1st period - Snap shot by Melker Karlsson.
16:04 of 1st period - Stopped by Louis Domingue with a rebound.
16:06 of 1st period - Slapshot by Melker Karlsson.
16:06 of 1st period - Shot Blocked by Radek Faksa.
16:08 of 1st period - Wrist shot by Michael Stone.
16:08 of 1st period - Stopped by Louis Domingue without a rebound.
16:09 of 1st period - Mattias Tedenby wins face-off versus Drew Shore in Punishers zone.
17:00 of 1st period - Tyler Bertuzzi is hit by Devin Shore and loses puck.
17:05 of 1st period - Snap shot by Nicolas Deslauriers.
17:05 of 1st period - Stopped by Louis Domingue with a rebound.
17:11 of 1st period - Snap shot by Devin Shore.
17:11 of 1st period - Shot Misses the Net.
17:41 of 1st period - Robbie Earl is hit by Michael Stone and loses puck.
18:00 of 1st period - Brock Trotter is hit by Colton Gillies and loses puck.
18:29 of 1st period - Mattias Tedenby is hit by Matt Halischuk.
18:39 of 1st period - Teemu Hartikainen is hit by Robbie Earl and loses puck.
19:02 of 1st period - Madison Bowey is hit by Jesper Fast and loses puck.
19:42 of 1st period - Snap shot by David Laliberté.
19:42 of 1st period - Shot Misses the Net.
19:58 of 1st period - Slapshot by Zack Hamill.
19:58 of 1st period - Stopped by Joonas Korpisalo with a rebound.
Goals for this period are 2 for Punishers vs 0 for Sasquatch.
Shots for this period are 16 for Punishers vs 10 for Sasquatch.

2nd period


0:01 of 2nd period - Drew Shore wins face-off versus Zack Hamill in neutral zone.
0:01 of 2nd period - Jeff Skinner is hit by David Rundblad and loses puck.
0:27 of 2nd period - Oscar Sundqvist is hit by Patrick Wey and loses puck.
1:19 of 2nd period - Wrist shot by David Laliberté.
1:19 of 2nd period - Shot Misses the Net.
1:25 of 2nd period - Snap shot by Petr Straka.
1:25 of 2nd period - Shot Misses the Net.
1:27 of 2nd period - Slapshot by Martin Marincin.
1:27 of 2nd period - Shot Misses the Net.
1:29 of 2nd period - Slapshot by Martin Marincin.
1:29 of 2nd period - Shot Misses the Net.
1:31 of 2nd period - Slapshot by Sergey Kalinin.
1:31 of 2nd period - Shot Misses the Net.
1:33 of 2nd period - Wrist shot by Petr Straka.
1:33 of 2nd period - Stopped by Louis Domingue without a rebound.
1:34 of 2nd period - Zack Hamill wins face-off versus Drew Shore in Punishers zone.
2:20 of 2nd period - Wrist shot by Devin Shore.
2:20 of 2nd period - Shot Blocked by Patrick Wiercioch.
2:24 of 2nd period - Snap shot by Nicolas Deslauriers.
2:24 of 2nd period - Shot Misses the Net.
2:28 of 2nd period - Slapshot by Dougie Hamilton.
2:28 of 2nd period - Deflect By Sven Andrighetto.
2:28 of 2nd period - Stopped by Louis Domingue with a rebound.
2:30 of 2nd period - Wrist shot by Nicolas Deslauriers.
2:30 of 2nd period - Shot Misses the Net.
2:59 of 2nd period - Madison Bowey is hit by Brock Trotter and loses puck.
3:18 of 2nd period - Garret Ross is hit by Patrick Wey and loses puck.
3:52 of 2nd period - Mark Jankowski is hit by Slava Voynov and loses puck.
4:03 of 2nd period - Slapshot by Oscar Sundqvist.
4:03 of 2nd period - Shot Misses the Net.
4:05 of 2nd period - Snap shot by Oscar Sundqvist.
4:05 of 2nd period - Shot Blocked by Dougie Hamilton.
4:48 of 2nd period - Slapshot by Drew Shore.
4:48 of 2nd period - Shot Misses the Net.
5:00 of 2nd period - Snap shot by David Laliberté.
5:00 of 2nd period - Shot Misses the Net.
5:16 of 2nd period - Snap shot by Sergey Kalinin.
5:16 of 2nd period - Stopped by Louis Domingue with a rebound.
5:18 of 2nd period - Snap shot by Brock Trotter.
5:18 of 2nd period - Stopped by Louis Domingue with a rebound.
6:06 of 2nd period - Michael Stone is hit by Mark Jankowski and loses puck.
6:23 of 2nd period - Snap shot by Jesper Fast.
6:23 of 2nd period - Stopped by Louis Domingue with a rebound.
7:06 of 2nd period - Slapshot by Colton Gillies.
7:06 of 2nd period - Stopped by Joonas Korpisalo without a rebound.
7:07 of 2nd period - Melker Karlsson wins face-off versus Zack Hamill in Sasquatch zone.
7:15 of 2nd period - Minor Penalty to Damon Severson for Holding.
7:16 of 2nd period - Melker Karlsson wins face-off versus Zack Hamill in Punishers zone.
7:25 of 2nd period - Snap shot by Brock Trotter.
7:25 of 2nd period - Shot Misses the Net.
7:27 of 2nd period - Slapshot by Patrick Wey.
7:27 of 2nd period - Shot Misses the Net.
7:29 of 2nd period - Slapshot by Patrick Wey.
7:29 of 2nd period - Deflect By Brock Trotter.
7:29 of 2nd period - Stopped by Louis Domingue with a rebound.
7:31 of 2nd period - Slapshot by Dougie Hamilton.
7:31 of 2nd period - Stopped by Louis Domingue with a rebound.
7:56 of 2nd period - Icing by Melker Karlsson.
7:57 of 2nd period - Melker Karlsson wins face-off versus David Laliberté in Sasquatch zone.
8:23 of 2nd period - Brock Trotter is hit by Zack Hamill and loses puck.
9:15 of 2nd period - Penalty to Damon Severson is over, Damon Severson is back on ice.
10:03 of 2nd period - Snap shot by Garret Ross.
10:03 of 2nd period - Stopped by Joonas Korpisalo with a rebound.
10:05 of 2nd period - Slapshot by Jordan Schmaltz.
10:05 of 2nd period - Shot Misses the Net.
10:26 of 2nd period - Snap shot by Petr Straka.
10:26 of 2nd period - Shot Misses the Net.
10:28 of 2nd period - Snap shot by Martin Marincin.
10:28 of 2nd period - Shot Blocked by Jordan Schmaltz.
10:30 of 2nd period - Wrist shot by Brock Trotter.
10:30 of 2nd period - Shot Blocked by Madison Bowey.
10:32 of 2nd period - Wrist shot by Petr Straka.
10:32 of 2nd period - Shot Blocked by Oscar Sundqvist.
10:34 of 2nd period - Snap shot by Brock Trotter.
10:34 of 2nd period - Stopped by Louis Domingue with a rebound.
10:38 of 2nd period - Wrist shot by Brock Trotter.
10:38 of 2nd period - Stopped by Louis Domingue with a rebound.
10:40 of 2nd period - Slapshot by Sergey Kalinin.
10:40 of 2nd period - Deflect By Brock Trotter.
10:40 of 2nd period - Shot Misses the Net.
10:40 of 2nd period - Puck is out of play.
10:41 of 2nd period - Melker Karlsson wins face-off versus Zack Hamill in Punishers zone.
10:48 of 2nd period - Teemu Hartikainen is hit by Zack Hamill and loses puck.
11:06 of 2nd period - Icing by Slava Voynov.
11:07 of 2nd period - Melker Karlsson wins face-off versus Mark Jankowski in Sasquatch zone.
11:25 of 2nd period - Icing by Martin Marincin.
11:26 of 2nd period - Drew Shore wins face-off versus Zack Hamill in Sasquatch zone.
11:31 of 2nd period - Wrist shot by Jesper Fast.
11:31 of 2nd period - Shot Misses the Net.
11:56 of 2nd period - Minor Penalty to David Rundblad for High sticking.
11:57 of 2nd period - Robbie Earl wins face-off versus Drew Shore in Punishers zone.
13:56 of 2nd period - Penalty to David Rundblad is over, David Rundblad is back on ice.
14:24 of 2nd period - Andrew Campbell is hit by Colton Gillies and loses puck.
16:53 of 2nd period - Wrist shot by Zack Hamill.
16:53 of 2nd period - Shot Blocked by Teemu Hartikainen.
16:55 of 2nd period - Wrist shot by Zack Hamill.
16:55 of 2nd period - Stopped by Joonas Korpisalo with a rebound.
17:05 of 2nd period - Carter Ashton is hit by Devin Shore.
17:10 of 2nd period - Off-side.
17:11 of 2nd period - Sergey Kalinin wins face-off versus Robbie Earl in neutral zone.
17:19 of 2nd period - Icing by Adam Pelech.
17:20 of 2nd period - Sergey Kalinin wins face-off versus Zack Hamill in Punishers zone.
17:23 of 2nd period - Slapshot by Brock Trotter.
17:23 of 2nd period - Stopped by Louis Domingue without a rebound.
17:24 of 2nd period - Zack Hamill wins face-off versus Drew Shore in Punishers zone.
18:04 of 2nd period - Slapshot by Jesper Fast.
18:04 of 2nd period - Shot Misses the Net.
18:10 of 2nd period - Snap shot by Drew Shore.
18:10 of 2nd period - Stopped by Louis Domingue with a rebound.
19:08 of 2nd period - Snap shot by Mattias Tedenby.
19:08 of 2nd period - Deflect By Zack Hamill.
19:08 of 2nd period - Stopped by Joonas Korpisalo with a rebound.
19:24 of 2nd period - Backhand shot by Dougie Hamilton.
19:24 of 2nd period - Stopped by Louis Domingue with a rebound.
Goals for this period are 0 for Punishers vs 0 for Sasquatch.
Shots for this period are 4 for Punishers vs 12 for Sasquatch.

3rd period


0:01 of 3rd period - Zack Hamill wins face-off versus Melker Karlsson in neutral zone.
0:06 of 3rd period - Snap shot by Zack Hamill.
0:06 of 3rd period - Stopped by Joonas Korpisalo without a rebound.
0:07 of 3rd period - Melker Karlsson wins face-off versus Zack Hamill in Sasquatch zone.
0:56 of 3rd period - Slapshot by Devin Shore.
0:56 of 3rd period - Stopped by Louis Domingue without a rebound.
0:57 of 3rd period - Zack Hamill wins face-off versus Nicolas Deslauriers in Punishers zone.
1:12 of 3rd period - Wrist shot by Zack Hamill.
1:12 of 3rd period - Shot Blocked by Devin Shore.
1:14 of 3rd period - Wrist shot by Mattias Tedenby.
1:14 of 3rd period - Stopped by Joonas Korpisalo with a rebound.
1:33 of 3rd period - Slava Voynov is hit by Colton Gillies and loses puck.
3:27 of 3rd period - Snap shot by Oscar Sundqvist.
3:27 of 3rd period - Shot Misses the Net.
3:35 of 3rd period - Minor Penalty to Sergey Kalinin for Hooking.
3:36 of 3rd period - Zack Hamill wins face-off versus Drew Shore in Sasquatch zone.
3:41 of 3rd period - Slapshot by David Laliberté.
3:41 of 3rd period - Stopped by Joonas Korpisalo without a rebound.
3:42 of 3rd period - Zack Hamill wins face-off versus Drew Shore in Sasquatch zone.
3:58 of 3rd period - Off-side.
3:59 of 3rd period - Drew Shore wins face-off versus Zack Hamill in neutral zone.
4:02 of 3rd period - Slapshot by Patrick Wey.
4:02 of 3rd period - Stopped by Louis Domingue with a rebound.
4:34 of 3rd period - Snap shot by Mattias Tedenby.
4:34 of 3rd period - Goal by Mattias Tedenby - Punishers : 3 - Sasquatch : 0.
4:35 of 3rd period - Zack Hamill wins face-off versus Melker Karlsson in neutral zone.
5:00 of 3rd period - Dougie Hamilton is hit by Adam Pelech and loses puck.
5:25 of 3rd period - Sergey Kalinin is hit by Damon Severson and loses puck.
5:53 of 3rd period - Minor Penalty to Martin Marincin for Roughing.
5:54 of 3rd period - Zack Hamill wins face-off versus Drew Shore in Sasquatch zone.
5:54 of 3rd period - Snap shot by Robbie Earl.
5:54 of 3rd period - Deflect By Zack Hamill.
5:54 of 3rd period - Shot Misses the Net.
5:54 of 3rd period - Puck is out of play.
5:55 of 3rd period - Drew Shore wins face-off versus Zack Hamill in Sasquatch zone.
6:30 of 3rd period - Wrist shot by Colton Gillies.
6:30 of 3rd period - Stopped by Joonas Korpisalo without a rebound.
6:31 of 3rd period - Drew Shore wins face-off versus Zack Hamill in Sasquatch zone.
7:42 of 3rd period - Snap shot by Sergey Kalinin.
7:42 of 3rd period - Shot Misses the Net.
7:44 of 3rd period - Snap shot by Teemu Hartikainen.
7:44 of 3rd period - Stopped by Louis Domingue with a rebound.
7:46 of 3rd period - Wrist shot by Teemu Hartikainen.
7:46 of 3rd period - Goal by Teemu Hartikainen - Punishers : 3 - Sasquatch : 1.
7:47 of 3rd period - Zack Hamill wins face-off versus Drew Shore in neutral zone.
7:49 of 3rd period - Off-side.
7:50 of 3rd period - Drew Shore wins face-off versus Zack Hamill in neutral zone.
7:53 of 3rd period - Penalty to Martin Marincin is over, Martin Marincin is back on ice.
8:42 of 3rd period - Slapshot by Stefan Elliott.
8:42 of 3rd period - Stopped by Joonas Korpisalo without a rebound.
8:43 of 3rd period - Mark Jankowski wins face-off versus Matt Halischuk in Sasquatch zone.
8:50 of 3rd period - Snap shot by Miikka Salomaki.
8:50 of 3rd period - Shot Blocked by Matt Halischuk.
9:08 of 3rd period - Patrick Wey is hit by Garret Ross and loses puck.
10:11 of 3rd period - Snap shot by Nicolas Deslauriers.
10:11 of 3rd period - Shot Blocked by Adam Pelech.
10:13 of 3rd period - Snap shot by Sven Andrighetto.
10:13 of 3rd period - Deflect By Nicolas Deslauriers.
10:13 of 3rd period - Shot Misses the Net.
10:13 of 3rd period - Puck is out of play.
10:14 of 3rd period - Zack Hamill wins face-off versus Sergey Kalinin in Punishers zone.
10:23 of 3rd period - Snap shot by Sergey Kalinin.
10:23 of 3rd period - Goal by Sergey Kalinin - Punishers : 3 - Sasquatch : 2.
10:24 of 3rd period - Drew Shore wins face-off versus Zack Hamill in neutral zone.
10:37 of 3rd period - Jesper Fast is hit by David Rundblad and loses puck.
10:55 of 3rd period - Minor Penalty to Matt Halischuk for Cross-checking.
10:56 of 3rd period - Zack Hamill wins face-off versus Drew Shore in Sasquatch zone.
12:55 of 3rd period - Penalty to Matt Halischuk is over, Matt Halischuk is back on ice.
13:02 of 3rd period - Off-side.
13:03 of 3rd period - Melker Karlsson wins face-off versus Radek Faksa in neutral zone.
13:06 of 3rd period - Slapshot by Teemu Hartikainen.
13:06 of 3rd period - Stopped by Louis Domingue with a rebound.
13:08 of 3rd period - Wrist shot by Melker Karlsson.
13:08 of 3rd period - Shot Misses the Net.
13:10 of 3rd period - Snap shot by Teemu Hartikainen.
13:10 of 3rd period - Shot Misses the Net.
13:12 of 3rd period - Snap shot by Michael Stone.
13:12 of 3rd period - Shot Misses the Net.
13:14 of 3rd period - Wrist shot by Melker Karlsson.
13:14 of 3rd period - Deflect By Radek Faksa.
13:14 of 3rd period - Shot Blocked by Radek Faksa.
13:14 of 3rd period - Puck is out of play.
13:15 of 3rd period - Melker Karlsson wins face-off versus Radek Faksa in Punishers zone.
13:22 of 3rd period - Adam Pelech is hit by Slava Voynov and loses puck.
13:44 of 3rd period - Slapshot by Damon Severson.
13:44 of 3rd period - Deflect By Slava Voynov.
13:44 of 3rd period - Stopped by Joonas Korpisalo with a rebound.
13:46 of 3rd period - Snap shot by Mark Jankowski.
13:46 of 3rd period - Stopped by Joonas Korpisalo without a rebound.
13:47 of 3rd period - Mark Jankowski wins face-off versus Drew Shore in Sasquatch zone.
13:58 of 3rd period - Wrist shot by David Rundblad.
13:58 of 3rd period - Stopped by Joonas Korpisalo without a rebound.
13:59 of 3rd period - Zack Hamill wins face-off versus Drew Shore in Sasquatch zone.
15:37 of 3rd period - Slapshot by Dougie Hamilton.
15:37 of 3rd period - Shot Blocked by Jordan Schmaltz.
15:39 of 3rd period - Snap shot by Devin Shore.
15:39 of 3rd period - Stopped by Louis Domingue with a rebound.
15:53 of 3rd period - Snap shot by Teemu Hartikainen.
15:53 of 3rd period - Shot Blocked by Madison Bowey.
16:23 of 3rd period - Slapshot by David Rundblad.
16:23 of 3rd period - Deflect By Petr Straka.
16:23 of 3rd period - Stopped by Joonas Korpisalo with a rebound.
17:05 of 3rd period - Wrist shot by Drew Shore.
17:05 of 3rd period - Deflect By Adam Pelech.
17:05 of 3rd period - Stopped by Louis Domingue without a rebound.
17:06 of 3rd period - Mark Jankowski wins face-off versus Drew Shore in Punishers zone.
17:06 of 3rd period - Mark Jankowski is hit by Drew Shore.
17:38 of 3rd period - Snap shot by Colton Gillies.
17:38 of 3rd period - Stopped by Joonas Korpisalo without a rebound.
17:39 of 3rd period - Robbie Earl wins face-off versus Sergey Kalinin in Sasquatch zone.
17:42 of 3rd period - Snap shot by Mattias Tedenby.
17:42 of 3rd period - Deflect By Dougie Hamilton.
17:42 of 3rd period - Goal by Mattias Tedenby - Punishers : 4 - Sasquatch : 2.
17:43 of 3rd period - Sergey Kalinin wins face-off versus Mark Jankowski in neutral zone.
17:50 of 3rd period - Snap shot by Brock Trotter.
17:50 of 3rd period - Shot Misses the Net.
17:52 of 3rd period - Wrist shot by Petr Straka.
17:52 of 3rd period - Shot Misses the Net.
17:54 of 3rd period - Slapshot by Patrick Wey.
17:54 of 3rd period - Shot Blocked by David Rundblad.
17:56 of 3rd period - Snap shot by Petr Straka.
17:56 of 3rd period - Shot Misses the Net.
17:58 of 3rd period - Backhand shot by Dougie Hamilton.
17:58 of 3rd period - Shot Blocked by Stefan Elliott.
19:05 of 3rd period - Patrick Wey is hit by Colton Gillies and loses puck.
19:12 of 3rd period - Slapshot by Andrew Campbell.
19:12 of 3rd period - Shot Misses the Net.
19:27 of 3rd period - Icing by Colton Gillies.
19:28 of 3rd period - Mark Jankowski wins face-off versus Drew Shore in Punishers zone.
19:35 of 3rd period - Slapshot by David Laliberté.
19:35 of 3rd period - Shot Misses the Net.
19:37 of 3rd period - Slapshot by Tyler Bertuzzi.
19:37 of 3rd period - Shot Blocked by Dougie Hamilton.
19:39 of 3rd period - Snap shot by Adam Pelech.
19:39 of 3rd period - Shot Blocked by Jesper Fast.
19:41 of 3rd period - Snap shot by David Laliberté.
19:41 of 3rd period - Shot Misses the Net.
19:43 of 3rd period - Slapshot by Damon Severson.
19:43 of 3rd period - Stopped by Joonas Korpisalo with a rebound.
Goals for this period are 2 for Punishers vs 2 for Sasquatch.
Shots for this period are 13 for Punishers vs 8 for Sasquatch.